 Dungeon Crawl Stone Soup version 0.29-a0-1043-g569b05d6ff (webtiles) character file.

Game seed: 1784294952775009152

56 siradein the Shooter (level 4, -2/28 HPs)
             Began as a Kobold Hunter on Aug 15, 2022.
             Slain by a gnoll
             ... wielding a +0 flail
              (11 damage)
             ... on level 2 of the Dungeon.
             The game lasted 00:03:12 (1276 turns).

siradein the Shooter (Kobold Hunter)                Turns: 1276, Time: 00:03:13

Health: -2/28      AC:  3    Str:  8    XL:     4   Next: 17%
Magic:  4/4        EV: 15    Int: 10    God:
Gold:   82         SH:  0    Dex: 20    Spells: 3/3 levels left

rFire   . . .      SeeInvis .   a - +0 shortbow
rCold   . . .      Faith    .   (shield currently unavailable)
rNeg    . . .      Spirit   .   c - +0 leather armour
rPois   .          Reflect  .   (no helmet)
rElec   .          Harm     .   (no cloak)
rCorr   .          Rampage  .   (no gloves)
Will    .....                   (no boots)
Stlth   +++.......              (no amulet)
HPRegen 0.09/turn               (no ring)
MPRegen 0.09/turn               (no ring)

@: no status effects
A: small, no large weapons, nightstalker 3
a: no special abilities


You were on level 2 of the Dungeon.
You visited 1 branch of the dungeon, and saw 2 of its levels.

You collected 82 gold pieces.

Inventory:

Hand Weapons
 a - a +0 shortbow (weapon)
Armour
 c - a +0 leather armour (worn)
Scrolls
 b - a scroll of immolation
 d - a scroll of poison {unknown}
 g - 2 scrolls of enchant armour {unknown}
 h - a scroll of amnesia {unknown}
Potions
 e - a potion of brilliance {unknown}
 f - a potion of resistance {unknown}
 i - a potion of magic {unknown}


   Skills:
 + Level 3.0 Fighting
 + Level 5.8 Ranged Weapons
 + Level 3.2 Dodging
 + Level 2.8 Stealth


You had 3 spell levels left.
You didn't know any spells.
Your spell library contained the following spells:

 Spells                   Type           Power      Damage    Failure   Level
 Sting                    Tmut/Pois      0%         1d3       50%         1
 Poisonous Vapours        Pois/Air       0%         N/A       63%         2
 Olgreb's Toxic Radiance  Pois           0%         N/A       99%         4


Dungeon Overview and Level Annotations

Branches:
Dungeon (2/15)

Altars:


Innate Abilities, Weirdness & Mutations

You are small and have problems with some larger weapons.
You are completely attuned to the shadows.


Message History

You shoot an arrow. The arrow hits the frilled lizard!
You kill the frilled lizard!
No target in view!
No target in view!
A gnoll is nearby!
You shoot an arrow.
The arrow hits the gnoll but does no damage.
You shoot an arrow. The arrow hits the gnoll!
The gnoll is severely wounded.
A gnoll comes into view. It is wielding a +0 flail.
You shoot an arrow. The gnoll shouts!
The arrow hits the gnoll but does no damage.
The gnoll is severely wounded.
You hear a shout!
The gnoll hits you with a +0 club.
You shoot an arrow. The arrow hits the gnoll.
The gnoll is almost dead.
The gnoll hits you with a +0 club.
You shoot an arrow. The arrow closely misses the gnoll.
The gnoll hits you with a +0 club. The gnoll closely misses you.
You shoot an arrow. The arrow barely misses the gnoll.
You shoot an arrow. The arrow hits the gnoll.
You kill the gnoll!
Your Fighting skill increases to level 3!
You have reached level 4!
The gnoll closely misses you.
Things that are here:
a +0 club; a gnoll corpse The gnoll closely misses you.
The gnoll misses you. The gnoll barely misses you.
The gnoll attacks as you move away! The gnoll closely misses you.
The gnoll attacks as you move away! The gnoll closely misses you.
The gnoll attacks as you move away! The gnoll hits you with a +0 flail!
The gnoll attacks as you move away! The gnoll hits you with a +0 flail.
* * * LOW HITPOINT WARNING * * *
The gnoll attacks as you move away! The gnoll closely misses you.
The gnoll attacks as you move away! The gnoll closely misses you.
The gnoll attacks as you move away! The gnoll hits you with a +0 flail!
You die...

#..# #.# #. #..# ### #.# #. #..#
#..##.###. #..# #..##...g. #..#
####.)...<... ####g.#
#.......####. .....g# #.......#
#. #####g####.......####)
###############@................
#...............)..#.......#####
##.##################.......#
.<.# #.......# #### ########


You could see 3 gnolls.

Vanquished Creatures
  2 gnolls
  A dart slug (D:1)
  An orc (D:2)
  2 bats
  3 endoplasms (D:1)
  2 giant cockroaches
  4 goblins
  3 hobgoblins
  5 kobolds
  2 quokkas (D:1)
  2 ball pythons (D:1)
  3 frilled lizards
  3 rats
33 creatures vanquished.

Vanquished Creatures (others)
  5 toadstools (D:1)
5 creatures vanquished.

Grand Total: 38 creatures vanquished

Notes
Turn   | Place    | Note
-------+----------+-------------------------------------------
     0 | D:1      | siradein the Kobold Hunter began the quest for the Orb.
     0 | D:1      | Reached XP level 1. HP: 12/12 MP: 1/1
    45 | D:1      | Reached XP level 2. HP: 18/18 MP: 2/2
   256 | D:1      | Reached XP level 3. HP: 22/22 MP: 3/3
   652 | D:1      | Found a faded altar of an unknown god.
  1249 | D:2      | Reached XP level 4. HP: 19/28 MP: 4/4
  1276 | D:2      | Slain by a gnoll

Illustrated notes

Levels and vault maps discovered:
D:1:      ldierk_walled_garden, layout_loops_cross,
          shapermc_ecumenical_altar_hornbeckon, chequers_serial_rivers_small_a,
          minmay_tetromino_i2
D:2:      layout_loops_ring, chequers_serial_rivers_micro_a, uniq_sigmund,
          uniq_jessica

Skill      XL: |  1  2  3 |
---------------+----------+-----
Stealth        | 2 |  2.8
Dodging        | 3 |  3.2
Fighting       | 3 |  3.0
Ranged Weapons | |  5.8

Action                   |  1- 3 |  4- 6 || total
-------------------------+-------+-------++-------
 Fire: Shortbow          |    87 |       ||    87
Armor: Leather armour    |    10 |       ||    10
Dodge: Dodged            |    51 |     8 ||    59

Table legend: (Time is in decaauts)
 A = Elapsed time spent in this place.
 B = Non-inter-level travel time spent in this place.
 C = Inter-level travel time spent in this place.
 D = Time resting spent in this place.
 E = Time spent auto-exploring this place.
 F = Levels seen in this place.
 G = Mean time per level.
                   A        B        C        D        E       F      G
               +--------+--------+--------+--------+--------+-----+--------+
         Total |   1314 |   1263 |     51 |      0 |    986 |   2 |  657.0 |
       Dungeon |   1314 |   1263 |     51 |      0 |    986 |   2 |  657.0 |
               +--------+--------+--------+--------+--------+-----+--------+

Top non-repeatable levels by time:
     D:1: 1006 daAuts
     D:2: 308 daAuts
